 Dungeon Crawl Stone Soup version 0.29-a0-582-ge82337ba6a (webtiles) character file.

Game seed: 10006196886528626519

31826 xian the Blocker (level 13, -1/111 (114) HPs)
             Began as a Minotaur Brigand on June 14, 2022.
             Was an Initiate of Gozag.
             Slain by an orc warrior
             ... wielding a +0 trident
              (12 damage)
             ... on level 2 of the Orcish Mines.
             The game lasted 00:55:43 (18238 turns).

xian the Blocker (Minotaur Brigand)                Turns: 18238, Time: 00:55:44

HP:   -1/111 (114)  AC: 13    Str: 22    XL:     13   Next: 28%
MP:   4/4           EV: 22    Int:  3    God:    Gozag
Gold: 2063          SH: 14    Dex: 18    Spells: 12/12 levels left

rFire   . . .      SeeInvis +   P - +11 flail "Iterunut" {antimagic, +Blink Will+ Str+7 Int-5}
rCold   + . .      Faith    .   b - +1 kite shield "Zixziat" {rElec rC+ Int-3 SInv}
rNeg    . . .      Spirit   .   F - +1 robe of True Grit {Int+3 SInv}
rPois   .          Reflect  .   s - +2 hat
rElec   +          Harm     .   c - +1 cloak
rCorr   .          Rampage  .   (no gloves)
Will    +....                   B - +0 pair of boots
Stlth   ++++......              (no amulet)
HPRegen 0.28/turn               A - +4 ring of evasion
MPRegen 0.09/turn               m - +4 ring of protection

@: lethally poisoned (-1 -> -13), lightly drained
A: horns 2, retaliatory headbutt
a: Renounce Religion, Evoke Blink, Potion Petition, Call Merchant, Bribe Branch


You were on level 2 of the Orcish Mines.
You worshipped Gozag.
Gozag was most pleased with you.
You visited 3 branches of the dungeon, and saw 15 of its levels.
You also visited: Bailey.

You collected 3920 gold pieces.
You spent 1747 gold pieces at shops.
You paid 110 gold pieces to Gozag.

Inventory:

Hand Weapons
 o - a +2 dagger of venom
 P - the +11 flail "Iterunut" (weapon) {antimagic, +Blink Will+ Str+7 Int-5}
   (You bought it in a shop on level 1 of the Orcish Mines)

   It reduces the magical energy of the wielder, and disrupts the spells and
   magical abilities of those it strikes.
   Natural abilities and divine invocations are not affected.
   Str:       It affects your strength (+7).
   Int:       It affects your intelligence (-5).
   +Blink:    It lets you blink.
   Will:      It increases your willpower.
Missiles
 d - 32 poisoned darts (quivered)
 e - 5 curare-tipped darts
Armour
 b - the +1 kite shield "Zixziat" (worn) {rElec rC+ Int-3 SInv}
   (You acquired it on level 10 of the Dungeon)

   Int:       It affects your intelligence (-3).
   rC:        It protects you from cold.
   rElec:     It insulates you from electricity.
   SInv:      It lets you see invisible.
 c - a +1 cloak (worn)
 p - a +2 leather armour of cold resistance
 s - a +2 hat (worn)
 B - a +0 pair of boots (worn)
 F - the +1 robe of True Grit (worn) {Int+3 SInv}
   (You found it on level 7 of the Dungeon)

   Int:       It affects your intelligence (+3).
   SInv:      It lets you see invisible.
Jewellery
 k - a ring of magical power
 m - a +4 ring of protection (right hand)
 y - a +6 ring of intelligence
 A - a +4 ring of evasion (left hand)
 H - an amulet of regeneration
Wands
 a - a wand of digging (1)
 t - a wand of polymorph (8)
 J - a wand of acid (4)
 Q - a wand of flame (12)
Scrolls
 g - 3 scrolls of enchant armour
 j - 6 scrolls of amnesia
 q - 3 scrolls of summoning
 u - 7 scrolls of enchant weapon
 v - 2 scrolls of magic mapping
 z - 3 scrolls of teleportation
 C - 7 scrolls of identify
 E - a scroll of fear
 L - a scroll of fog
 N - a scroll of blinking
 O - a scroll of poison
Potions
 f - 4 potions of mutation
 h - 5 potions of brilliance
 i - 2 potions of cancellation
 n - a potion of magic
 r - 7 potions of curing
 w - a potion of attraction
 x - a potion of lignification
 D - 3 potions of invisibility
 G - 2 potions of flight
 I - 3 potions of haste
Miscellaneous
 M - a phial of floods


   Skills:
 + Level 10.4 Fighting
 + Level 10.0(10.3) Short Blades
 + Level 3.8(8.0) Long Blades
 + Level 3.8 Maces & Flails
 + Level 3.0 Throwing
 + Level 7.1 Armour
 + Level 11.8 Dodging
 + Level 9.3 Stealth
 + Level 13.1 Shields
 + Level 0.5 Evocations


You had 12 spell levels left.
You didn't know any spells.
Your spell library contained the following spells:

 Spells                   Type           Power      Damage    Failure   Level
 Apportation              Tloc           0%         N/A       75%         1
 Sublimation of Blood     Necr           0%         N/A       87%         2
 Wereblood                Tmut           0%         N/A       87%         2
 Lesser Beckoning         Tloc           0%         N/A       98%         3
 Vampiric Draining        Necr           0%         2d6       98%         3
 Anguish                  Hex/Necr       0%         N/A       100%        4
 Summon Ice Beast         Ice/Summ       0%         N/A       100%        4
 Alistair's Intoxication  Tmut/Pois      0%         N/A       100%        5
 Summon Forest            Summ/Tloc      0%         N/A       100%        5
 Summon Mana Viper        Hex/Summ       0%         N/A       100%        5
 Conjure Ball Lightning   Conj/Air       0%         3x3d6     100%        6
 Summon Cactus Giant      Summ           0%         N/A       100%        6
 Enfeeble                 Hex            0%         N/A       100%        7
 Monstrous Menagerie      Summ           0%         N/A       100%        7
 Summon Hydra             Summ           0%         N/A       100%        7
 Discord                  Hex            0%         N/A       100%        8
 Disjunction              Tloc           0%         N/A       100%        8


Dungeon Overview and Level Annotations

Branches:
Dungeon (12/15)            Temple (1/1) D:5            Lair (0/6) D:11
    Orc (2/2) D:12         Bailey (visited)
    Elf: Orc:2

Altars:
Ashenzari
Cheibriados
Dithmenos
Elyvilon
Fedhas
Gozag
Hepliaklqana
Kikubaaqudgha
Nemelex Xobeh
Okawaru
Qazlal
Ru
Sif Muna
Trog
Uskayaw
Wu Jian
Xom
Yredelemnul
Zin
The Shining One

Shops:
D:5 (   D:6 *   Orc:1 *

Annotations:
D:5 Lance Legendary
D:9 1 runed translucent door
D:10 1 runed translucent door


Innate Abilities, Weirdness & Mutations

You have a pair of horns on your head.
You reflexively headbutt those who attack you in melee.


Message History

You block the orc knight's attack. The orc warrior completely misses you.
Things that are here:
a +0 club; 6 gold pieces You hit the orc knight.
You headbutt the orc knight, but do no damage.
The orc knight is almost dead.
The orc knight closely misses you. The orc warrior misses you.
The orc sorcerer casts a spell at you.
You suddenly lose the ability to move!
The orc knight hits you but does no damage.
The orc warrior hits you from afar with a +0 trident!
The orc knight hits you with a +0 great sword!!
The orc warrior hits you but does no damage.
You can move again.
You closely miss the orc knight.
You headbutt the orc knight, but do no damage.
The orc knight is almost dead.
The orc knight misses you.
The orc warrior hits you from afar with a +0 trident.
The orc sorcerer howls an incantation.
You feel troubled. The orc sorcerer closely misses you.
You furiously retaliate!
You headbutt the orc sorcerer! You closely miss the orc knight.
Your headbutt misses the orc knight.
The orc knight is almost dead.
You block the orc knight's attack. You block the orc warrior's attack.
The orc sorcerer hits you but does no damage.
You are poisoned.
The orc knight hits you with a +0 great sword!!
* * * LOW HITPOINT WARNING * * *
You block the orc warrior's attack.
The orc sorcerer hits you with a +1 dagger of venom.
* * * LOW HITPOINT WARNING * * *
You are lethally poisoned!
* * * LOW HITPOINT WARNING * * *
You feel very sick. You block the orc knight's attack.
The orc warrior hits you from afar with a +0 trident!
You die...
Your body crumbles into a pile of gold.

# ## ###########
##.#.###.##.#.#..##
.#...[.[@o.........#
#.......)....#....##
.$.....o.o..##......##
.......<....#......#.###
.......................##
........................#
#...................##.#
#.............$.....#
........$...$.....#.##


You could see an orc knight, an orc sorcerer (strong) and an orc warrior
(strong).

Vanquished Creatures
  2 boulder beetles (D:12)
  2 hydras
  4 two-headed ogres
  A centaur warrior (D:11)
  Erica (D:10)
  3 orc high priests (Orc:1)
  Lodul (D:11)
  4 orc sorcerers
  5 orc knights
  2 ugly things (D:12)
  2 manticores
  Maurice (D:10)
  2 gargoyles
  2 komodo dragons (D:11)
  3 unseen horrors
  4 trolls
  Grinder (D:4)
  Eustachio (D:6)
  3 wraiths
  A wyvern (D:9)
  9 yaks
  A shadow (D:7)
  6 vampire mosquitoes
  A warg (Orc:1)
  3 steam dragons
  4 acid dragons
  2 water moccasins (D:11)
  3 black bears
  23 orc warriors
  A sky beast (D:7)
  8 ogres
  7 centaurs
  3 kobold brigands
  A gnoll sergeant (D:6)
  2 necrophages
  11 scorpions
  2 bullfrogs
  3 wights (D:6)
  6 killer bees
  2 jellies
  15 orc priests
  7 hounds
  Crazy Yiuf (D:3)
  3 iguanas
  Ijyb (D:3)
  Terence (D:2)
  Natasha (thrice) (D:3)
  20 orc wizards
  5 gnolls
  8 adders
  3 shadow imps
  A white imp (D:6)
  An ufetubus (D:6)
  3 worms
  3 dart slugs
  50 orcs
  6 ball pythons
  10 bats
  12 endoplasms
  6 giant cockroaches (D:10)
  4 hobgoblins
  4 jackals (D:2)
  17 kobolds
  6 quokkas
  3 frilled lizards
  13 goblins
  5 rats (D:1)
354 creatures vanquished.

Vanquished Creatures (others)
  An orc priest (Orc:2)
  40 fungi (D:11)
  37 plants
78 creatures vanquished.

Grand Total: 432 creatures vanquished

Notes
Turn   | Place    | Note
-------+----------+-------------------------------------------
     0 | D:1      | xian the Minotaur Brigand began the quest for the Orb.
     0 | D:1      | Reached XP level 1. HP: 18/18 MP: 0/0
   406 | D:1      | Reached XP level 2. HP: 21/25 MP: 1/1
   740 | D:1      | Found a faded altar of an unknown god.
  1091 | D:1      | Reached XP level 3. HP: 29/30 MP: 2/2
  2061 | D:2      | You fall into a shaft and drop 2 floors!
  2095 | D:4      | Noticed Grinder
  2335 | D:3      | Noticed Ijyb
  2340 | D:3      | Paralysed by Ijyb for 2 turns
  2352 | D:3      | Killed Ijyb
  2353 | D:3      | Reached XP level 4. HP: 13/37 MP: 3/3
  2825 | D:3      | Noticed Natasha
  2833 | D:3      | Killed Natasha
  2985 | D:3      | Found a runed translucent door.
  2985 | D:3      | Noticed Natasha
  2986 | D:3      | Noticed Crazy Yiuf
  2993 | D:3      | Killed Crazy Yiuf
  2994 | D:3      | Reached XP level 5. HP: 45/45 MP: 4/4
  2996 | D:3      | Killed Natasha
  2997 | D:3      | Reached skill level 1 in Armour
  2997 | D:3      | Reached skill level 5 in Stealth
  3068 | D:3      | Noticed Natasha
  3080 | D:3      | Killed Natasha
  3426 | D:2      | Noticed Terence
  3429 | D:2      | Killed Terence
  3716 | D:4      | Reached XP level 6. HP: 51/51 MP: 5/5
  4074 | D:4      | Killed Grinder
  4075 | D:4      | Reached XP level 7. HP: 32/58 MP: 6/6
  4810 | D:5      | Entered Level 5 of the Dungeon
  4899 | D:5      | Got the Tome of the Ghastly Compass
  4905 | D:5      | Found a staircase to the Ecumenical Temple.
  4942 | Temple   | Entered the Ecumenical Temple
  5141 | Temple   | Became a worshipper of Gozag Ym Sagoz the Greedy
  5181 | D:5      | Found Viur's Weapon Shop.
  5761 | D:5      | Reached XP level 8. HP: 64/66 MP: 7/7
  5806 | D:6      | Reached skill level 1 in Shields
  5828 | D:6      | Reached skill level 5 in Short Blades
  6204 | D:6      | Reached skill level 2 in Shields
  6473 | D:6      | Noticed Eustachio
  6488 | D:6      | Killed Eustachio
  6519 | D:6      | Reached skill level 3 in Shields
  7007 | D:6      | Found Alucs's Elemental Accessories.
  7478 | D:7      | Reached skill level 5 in Dodging
  7478 | D:7      | Reached skill level 4 in Shields
  7561 | D:7      | Reached XP level 9. HP: 70/73 MP: 8/8
  7719 | D:7      | Found a sacrificial altar of Ru.
  7818 | D:7      | Reached skill level 5 in Fighting
  7874 | D:7      | Reached skill level 5 in Armour
  7995 | D:7      | Identified the +1 robe of True Grit {Int+3 SInv}
  8038 | D:8      | Noticed a two-headed ogre
  8042 | D:8      | Killed a two-headed ogre
  8043 | D:8      | Reached skill level 5 in Shields
  8156 | D:8      | Found a snail-covered altar of Cheibriados.
  9076 | D:9      | Found a broken altar of Ashenzari.
  9121 | D:9      | Found a flagged portal.
  9161 | Bailey   | Entered a bailey
  9277 | Bailey   | Reached XP level 10. HP: 60/83 MP: 9/9
  9283 | Bailey   | Reached skill level 6 in Shields
  9365 | Bailey   | Reached skill level 7 in Shields
  9365 | Bailey   | Reached XP level 11. HP: 79/95 MP: 10/10
  9540 | Bailey   | Noticed an orc knight
  9547 | Bailey   | Noticed an orc knight
  9551 | Bailey   | Killed an orc knight
  9569 | Bailey   | Killed an orc knight
  9570 | Bailey   | Reached skill level 8 in Shields
  9802 | D:9      | Found a runed translucent door.
  9808 | D:9      | Noticed a two-headed ogre
  9922 | D:9      | Noticed a two-headed ogre
  9985 | D:9      | Killed a two-headed ogre
 10627 | D:9      | Noticed a two-headed ogre
 10646 | D:9      | Killed a two-headed ogre
 10647 | D:9      | Reached skill level 9 in Shields
 11402 | D:10     | Entered Level 10 of the Dungeon
 11409 | D:10     | Noticed Maurice
 11415 | D:10     | Killed Maurice
 11471 | D:10     | Noticed a seven-headed hydra
 11484 | D:10     | Killed a seven-headed hydra
 11829 | D:10     | Found a runed translucent door.
 11832 | D:10     | Found a runed translucent door.
 12168 | D:10     | Noticed Erica
 12184 | D:10     | Killed Erica
 12185 | D:10     | Reached skill level 10 in Shields
 12452 | D:10     | Found an ornate altar of the Wu Jian Council.
 12456 | D:10     | Found a glowing golden altar of the Shining One.
 12456 | D:10     | Found a shimmering altar of Xom.
 12457 | D:10     | Found a hide-covered altar of Uskayaw.
 12457 | D:10     | Found a stormy altar of Qazlal.
 12457 | D:10     | Found a shadowy altar of Dithmenos.
 12949 | D:10     | Noticed a two-headed ogre
 12963 | D:10     | Killed a two-headed ogre
 12964 | D:10     | Reached skill level 10 in Dodging
 12964 | D:10     | Reached XP level 12. HP: 74/105 MP: 11/11
 13126 | D:10     | Identified a scroll of acquirement
 13128 | D:10     | Acquired the +1 kite shield "Zixziat" {rElec rC+ Int-3
                  | SInv}
 13304 | D:11     | Noticed a centaur warrior
 13321 | D:11     | Killed a centaur warrior
 13325 | D:11     | Noticed Lodul
 13650 | D:11     | Reached skill level 11 in Shields
 13939 | D:11     | Killed Lodul
 14517 | D:11     | Found a staircase to the Lair.
 15298 | D:12     | Reached skill level 12 in Shields
 15556 | D:12     | Noticed a boulder beetle
 15563 | D:12     | Killed a boulder beetle
 15611 | D:12     | Reached skill level 10 in Fighting
 15649 | D:12     | Found a staircase to the Orcish Mines.
 15677 | D:12     | Found a stormy altar of Qazlal.
 15680 | D:12     | Noticed a six-headed hydra
 15695 | D:12     | Killed a six-headed hydra
 15787 | D:12     | Noticed a boulder beetle
 15790 | D:12     | Killed a boulder beetle
 16059 | D:12     | Reached skill level 10 in Short Blades
 16059 | D:12     | Reached XP level 13. HP: 113/113 MP: 12/12
 16203 | Orc:1    | Entered Level 1 of the Orcish Mines
 16496 | Orc:1    | Found Reokahet's General Store.
 16500 | Orc:1    | Bought a potion of curing for 51 gold pieces
 16500 | Orc:1    | Bought a scroll of poison for 59 gold pieces
 16500 | Orc:1    | Bought the +11 flail "Iterunut" {antimagic, +Blink Will+
                  | Str+7 Int-5} for 1518 gold pieces
 16500 | Orc:1    | Bought a wand of flame (12) for 119 gold pieces
 16544 | Orc:2    | Entered Level 2 of the Orcish Mines
 16853 | Orc:1    | Reached skill level 1 in Maces & Flails
 17375 | Orc:1    | Reached skill level 13 in Shields
 18233 | Orc:2    | Paralysed by an orc sorcerer for 3 turns
 18238 | Orc:2    | Slain by an orc warrior

Illustrated notes

Levels and vault maps discovered:
D:1:      psy_arrival_spokes, layout_basic,
          shapermc_ecumenical_altar_mp_highgroup, minmay_surrounded
D:2:      layout_loops_corners, uniq_terence
D:3:      layout_basic, uniq_natasha, uniq_ijyb, uniq_crazy_yiuf_cottage
D:4:      layout_loops_ring, serial_bayou, serial_bayou_pond_d,
          serial_bayou_crossing, serial_bayou_lagoon_b, serial_bayou_shore_b,
          minmay_misc_feat_secret_circle, minmay_misc_feat_encased, uniq_grinder
D:5:      layout_cave_pools, temple_statues, serial_shops, shop,
          kennysheep_generic_room_14
D:6:      layout_loops_cross, st_stairs_8, nicolae_elemental_shop,
          due_unseen_surprise, uniq_eustachio
D:7:      layout_basic, nicolae_ru_the_path_less_chosen
D:8:      layout_loops_ring, mainiacjoe_overflow_paths
D:9:      layout_gridville, ashenzari_altar_1, enter_bailey_5, minmay_st_funbox
D:10:     lemuel_insect_pit, layout_loops_corners, grunt_temple_overflow_open,
          uniq_maurice, uniq_erica
D:11:     layout_rooms, due_lair_maze_entry_diamond, uniq_lodul
D:12:     layout_roguey, orc_0_dummy, nicolae_qazlal_general_emergency
Temple:   oiseaux_autumnal_temple
Orc:1:    layout_caves, serial_shops, nicolae_shop_window_shopping
Orc:2:    st_orc_elflike, layout_caves, serial_shops, shop, bh_open_orc_temple

Skill      XL: |  1  2  3  4  5  6  7  8  9 10 11 12 13 |
---------------+----------------------------------------+-----
Stealth        | 4 5 6 7 8 9 |  9.3
Fighting       | 3 4 5 8 9 10 | 10.4
Short Blades   | 3 4 6 7 8 9 10 | 10.0
Armour         | 1 2 4 5 7 |  7.1
Dodging        | 2 5 7 8 10 11 | 11.8
Shields        | 4 5 7 10 12 13 | 13.1
Long Blades    | 3 |  3.8
Throwing       | 3 |  3.0
Maces & Flails | 3 |  3.8
Evocations     | |  0.5

Action                   |  1- 3 |  4- 6 |  7- 9 | 10-12 | 13-15 || total
-------------------------+-------+-------+-------+-------+-------++-------
Melee: Dagger            |    84 |    70 |   401 |   738 |    30 ||  1323
       Headbutt          |    12 |    12 |   107 |   219 |    53 ||   403
       Punch             |     1 |       |       |       |       ||     1
       Flail             |       |       |       |       |   134 ||   134
Throw: Dart              |     4 |     7 |       |     3 |       ||    14
Evoke: Wand              |       |       |     1 |     3 |       ||     4
  Use: Scroll            |     6 |     7 |    12 |    10 |       ||    35
       Potion            |     2 |     1 |     2 |    12 |     4 ||    21
 Stab: Sleeping          |    12 |     6 |     9 |    12 |       ||    39
       Distracted        |       |     1 |     1 |     8 |     1 ||    11
Armor: Robe              |    13 |       |    26 |   108 |    35 ||   182
       Leather armour    |     5 |    21 |   103 |       |       ||   129
Dodge: Dodged            |    51 |    34 |   189 |   411 |   132 ||   817
Block: Kite shield       |       |       |   167 |   461 |   189 ||   817

Table legend: (Time is in decaauts)
 A = Elapsed time spent in this place.
 B = Non-inter-level travel time spent in this place.
 C = Inter-level travel time spent in this place.
 D = Time resting spent in this place.
 E = Time spent auto-exploring this place.
 F = Levels seen in this place.
 G = Mean time per level.
                   A        B        C        D        E       F      G
               +--------+--------+--------+--------+--------+-----+--------+
         Total |  18041 |  17709 |    332 |   2631 |  10286 |  16 | 1127.6 |
       Dungeon |  15130 |  14816 |    314 |   1308 |   9693 |  12 | 1260.8 |
        Temple |    219 |    201 |     18 |      0 |    150 |   1 |  219.0 |
  Orcish Mines |   2095 |   2095 |      0 |   1323 |    237 |   2 | 1047.5 |
        Bailey |    596 |    596 |      0 |      0 |    206 |   1 |  596.0 |
               +--------+--------+--------+--------+--------+-----+--------+

Top non-repeatable levels by time:
   Orc:1: 1983 daAuts
    D:10: 1788 daAuts
     D:9: 1705 daAuts
    D:12: 1667 daAuts
     D:6: 1645 daAuts
     D:1: 1612 daAuts
     D:4: 1173 daAuts
    D:11: 1166 daAuts
     D:3: 1080 daAuts
     D:8: 990 daAuts
     D:2: 946 daAuts
     D:5: 768 daAuts
  Bailey: 596 daAuts
     D:7: 584 daAuts
  Temple: 219 daAuts
